 Dungeon Crawl Stone Soup version bcrawl-1.21.3-16-g7f46a08de7 (webtiles) character file.

Game seed: 13175705214655546867

66 Chiseanne the Ducker (level 3, -1/28 HPs)
             Began as a Demonspawn Archaeologist on Apr 30, 2020.
             Slain by Crazy Yiuf
             ... wielding a +2 quarterstaff of chaos
              (11 damage)
             ... on level 2 of the Dungeon.
             The game lasted 00:02:18 (1746 turns).

Chiseanne the Ducker (Demonspawn Archaeologist)     Turns: 1746, Time: 00:02:19

Health: -1/28      AC:  7    Str: 11    XL:     3   Next: 96%
Magic:  3/3        EV: 13    Int: 15    God:
Gold:   154        SH:  0    Dex: 12    Spells: 2/2 levels left

rFire    . . .     SeeInvis .   m - +0 short sword
rCold    . . .     Gourm    .   (no shield)
rNeg     . . .     Faith    .   b - +1 robe
rPois    .         Spirit   .   t - +0 helmet
rElec    .         Reflect  .   r - +0 cloak
rCorr    .         Harm     .   (no gloves)
MR       .....                  d - +1 pair of boots
Stlth    ++........             (no amulet)
HPRegen  0.09/turn              (no ring)
MPRegen  0.08/turn              (no ring)

@: lethally poisoned (-1 -> -11)
A: spiny 1, rot immunity
a: no special abilities


You were on level 2 of the Dungeon.
You were not hungry.

You visited 1 branch of the dungeon, and saw 2 of its levels.

You collected 154 gold pieces.

Inventory:

Hand Weapons
 m - a +0 short sword (weapon)
Missiles
 a - 156 stones (quivered)
 q - 383 arrows
Armour
 b - a +1 robe (worn)
 d - a +1 pair of boots (worn)
 r - a +0 cloak (worn)
 t - a +0 helmet (worn)
Jewellery
 n - a +4 ring of protection
Scrolls
 g - 2 scrolls of magic mapping
 h - 2 scrolls of enchant armour {unknown}
 i - 3 scrolls of remove curse {unknown}
 k - a scroll of fear {unknown}
 l - 5 scrolls of identify {unknown}
 p - 2 scrolls of teleportation {unknown}
Potions
 j - 2 potions of might
 o - 2 potions of curing {unknown}
 s - a potion of agility {unknown}
 u - 2 potions of lignification {unknown}
 v - a potion of brilliance {unknown}
Miscellaneous
 f - a dusty tome
Comestibles
 e - 5 rations {!d}


   Skills:
 * Level 2.7 Fighting
   Level 0.8 Maces & Flails
 * Level 3.6 Dodging
 - Level 3.0 Stealth


You had 2 spell levels left.
You didn't know any spells.
Your spell library was empty.

Dungeon Overview and Level Annotations

Branches:
Dungeon (2/12)

Altars:

Annotations:
D:2 Crazy Yiuf


Innate Abilities, Weirdness & Mutations

You are partially covered in sharp spines.
You are immune to rotting.


Message History

Crazy Yiuf says, "Citrus cower ladder!"
Crazy Yiuf barely misses you.
You hit Crazy Yiuf but do no damage.
Crazy Yiuf is severely wounded.
Crazy Yiuf says, "Two meccalolo King!"
Crazy Yiuf hits you with a +2 quarterstaff of chaos.
Crazy Yiuf burns you.
You hit Crazy Yiuf but do no damage.
Crazy Yiuf is severely wounded.
Crazy Yiuf is struck by your spines.
Crazy Yiuf hits you with a +2 quarterstaff of chaos!
You hit Crazy Yiuf but do no damage.
Crazy Yiuf is almost dead.
Crazy Yiuf hits you with a +2 quarterstaff of chaos.
You are lethally poisoned!
You hit Crazy Yiuf but do no damage.
Crazy Yiuf is almost dead.
You feel sick.
Crazy Yiuf hits you with a +2 quarterstaff of chaos!
You die...

...........#
##...#
........#..#
##.##
.....##....#
##.#
.....####..#
#.##
.....####..#
##.#
####.......#
#.##
.....#######
##'##
##.#.#######
#...#
##.#.#.....#
#.@.# ###
...#.#.....#
#)g.# #.#
#..#.#.....#
##### #.#
...#.......#
#.#
...........###
#######.#
.............#
#.#..##.#
#.###........#
#.#..##.# #.#
##########
#.......#
#.#########
####.####


You could see Crazy Yiuf.

Vanquished Creatures
  Robin (D:2)
  3 worms (D:2)
  2 leopard geckos (D:1)
  4 bats
  3 giant cockroaches (D:1)
  7 goblins
  5 hobgoblins
  3 jackals (D:1)
  6 kobolds
  2 ball pythons (D:1)
  3 frilled lizards
  3 rats
42 creatures vanquished.

Notes
Turn   | Place    | Note
-------+----------+-------------------------------------------
     0 | D:1      | Chiseanne the Demonspawn Archaeologist began the quest for
                  | the Orb.
     0 | D:1      | Reached XP level 1. HP: 15/15 MP: 1/1
   198 | D:1      | Gained mutation: You are partially covered in sharp spines.
                  | [demonic ancestry]
   198 | D:1      | Reached XP level 2. HP: 21/21 MP: 2/2
   900 | D:2      | Gained mutation: You are immune to rotting. [demonic
                  | ancestry]
   900 | D:2      | Reached XP level 3. HP: 10/27 MP: 3/3
  1125 | D:2      | Noticed Robin
  1150 | D:2      | Killed Robin
  1584 | D:2      | Found a runed door.
  1733 | D:2      | Noticed Crazy Yiuf
  1746 | D:2      | Slain by Crazy Yiuf

Skill      XL: |  1  2 |
---------------+-------+-----
Dodging        | 3 |  3.6
Fighting       | 2 |  2.7
Maces & Flails | |  0.8
Stealth        | |  3.0

Action                   || total
-------------------------++-------
Melee: Whip              ||    13
       Short sword       ||   122
  Use: Potion            ||     3
 Stab: Sleeping          ||     7
       Distracted        ||     1
  Eat: Chunk             ||     3
Armor: Robe              ||    35
Dodge: Dodged            ||    85
